 Dungeon Crawl Stone Soup version 0.29.1-12-g30fa7ad0bf (webtiles) character file.

Game seed: 7796311707387993065

46 hawla the Firebug (level 4, -1/34 HPs)
             Began as a Meteoran Fire Elementalist on Dec 25, 2022.
             Slain by an orc
             ... wielding a +0 club
              (2 damage)
             ... on level 3 of the Dungeon.
             The game lasted 00:03:39 (632 turns).

hawla the Firebug (Meteoran Fire Elementalist)       Turns: 632, Time: 00:03:40

Health: -1/34      AC:  3    Str: 10    XL:     4   Next: 13%
Magic:  2/10       EV: 13    Int: 18    God:
Gold:   18         SH:  0    Dex: 14    Spells: 2/9 levels left

rFire   . . .      SeeInvis .   (no weapon)
rCold   . . .      Faith    .   (no shield)
rNeg    . . .      Spirit   .   a - +0 robe
rPois   .          Reflect  .   (no helmet)
rElec   .          Harm     .   (no cloak)
rCorr   .          Rampage  .   (no gloves)
Will    .....                   d - +0 pair of boots
Stlth   +.........              (no amulet)
HPRegen 0.11/turn               (no ring)
MPRegen 0.12/turn               (no ring)

@: very slightly contaminated, glowing
A: sense surroundings 1, otherworldly, glowing, explore regen
a: no special abilities


You were on level 3 of the Dungeon.
You visited 1 branch of the dungeon, and saw 3 of its levels.

You collected 18 gold pieces.

Inventory:

Armour
 a - a +0 robe (worn)
 d - a +0 pair of boots (worn)
Scrolls
 c - a scroll of teleportation {unknown}
 f - a scroll of vulnerability {unknown}
Potions
 e - a potion of heal wounds {unknown}
 h - a potion of ambrosia {unknown}
 i - a potion of might {unknown}


   Skills:
 - Level 0.3 Fighting
 - Level 2.9 Dodging
 - Level 1.4 Stealth
 - Level 3.4 Spellcasting
 + Level 1.3 Conjurations
 - Level 4.6 Fire Magic


You had 2 spell levels left.
You knew the following spells:

 Your Spells              Type           Power      Damage    Failure   Level
a - Foxfire               Conj/Fire      52%        2x1d6     4%          1
b - Scorch                Fire           38%        2d6       3%          2
c - Flame Wave            Conj/Fire      13%        2d6       41%         4

Your spell library contained the following spells:

 Spells                   Type           Power      Damage    Failure   Level
 Shock                    Conj/Air       20%        1d4       12%         1
 Freeze                   Ice            12%        1d4       16%         1
 Conjure Flame            Conj/Fire      13%        6-21      14%         3
 Inner Flame              Hex/Fire       11%        N/A       19%         3
 Frozen Ramparts          Ice            6%         1d1       43%         3
 Swiftness                Air            3%         N/A       43%         3
 Hailstorm                Conj/Ice       5%         3d4       75%         4
 Airstrike                Air            1%         2d(1-17)  83%         4


Dungeon Overview and Level Annotations

Branches:
Dungeon (3/15) Zot: 1166

Altars:


Innate Abilities, Weirdness & Mutations

You passively map a small area around you.
You are easily found by Zot.
You glow in the dark.
You regain HP and MP as you explore.


Message History

You finish memorising.
Spell assigned to 'c'.
Found an escape hatch in the ceiling.
Things that are here:
a +0 sling; a +0 club
Found a stone staircase leading down.
Found an escape hatch in the floor.
There is a stone staircase leading down here.
You climb downwards.
Magic restored.
The orc shouts!
The orc wizard shouts!
The orc shouts!
The orc wizard shouts!
Found a scroll labelled IFOTYVVAOWU and 5 stones.
Found a stone staircase leading down.
There is a stone staircase leading up here.
Unknown command.
Casting: Foxfire (safe; 4% risk of failure)
Confirm with . or Enter, or press ? or * to list all spells.
The spell is extremely dangerous to miscast (41% risk of failure)!
Continue anyway?
Casting: Flame Wave (extremely dangerous; 41% risk of failure)
Press: ? - help, Dir - look around, f - activate You miscast Flame Wave.
You are very lightly contaminated with residual magic.
Nothing appears to happen.
The orc wizard hits you but does no damage.
The orc hits you with a +0 short sword.
Casting: Flame Wave (extremely dangerous; 41% risk of failure)
Confirm with . or Enter, or press ? or * to list all spells.
The spell is extremely dangerous to miscast (41% risk of failure)!
Continue anyway?
Casting: Flame Wave (extremely dangerous; 41% risk of failure)
Press: ? - help, Dir - look around, f - activate You miscast Flame Wave.
Flames sear your flesh!
* * * LOW HITPOINT WARNING * * *
The orc wizard hits you with a +0 dagger.
* * * LOW HITPOINT WARNING * * *
The orc hits you but does no damage. The orc hits you with a +0 short sword.
* * * LOW HITPOINT WARNING * * *
It was a potion of curing.
You feel better. The orc wizard casts a spell at you.
The puff of flame hits you!
* * * LOW HITPOINT WARNING * * *
The orc hits you with a +0 club.
You die...

##* , , #.
* #. * #.,
####*
#.,,>... *
##?##..#.#
#.oo.....#
#.o@# **
##.oo.....#
,
#.....#....
* #.##..#
.. , , #.
..#, * #.
..# * *( ,
.## . .., ,
,


You could see 2 orc wizards and 3 orcs.

Vanquished Creatures
  Robin (D:1)
  3 ball pythons (D:1)
  A giant cockroach (D:2)
  12 goblins
  A hobgoblin (D:2)
  3 kobolds
  4 quokkas
  3 bats
  3 rats
31 creatures vanquished.

Vanquished Creatures (others)
  54 foxfires
54 creatures vanquished.

Grand Total: 85 creatures vanquished

Notes
Turn   | Place    | Note
-------+----------+-------------------------------------------
     0 | D:1      | hawla the Meteoran Fire Elementalist began the quest for
                  | the Orb.
     0 | D:1      | Reached XP level 1. HP: 14/14 MP: 5/5
    76 | D:1      | Reached XP level 2. HP: 18/20 MP: 4/6
    98 | D:1      | Reached skill level 4 in Fire Magic
   147 | D:2      | Learned a level 2 spell: Scorch
   154 | D:2      | Noticed Robin
   184 | D:1      | Killed Robin
   185 | D:1      | Reached XP level 3. HP: 18/26 MP: 0/8
   585 | D:2      | Reached XP level 4. HP: 14/33 MP: 3/9
   607 | D:2      | Learned a level 4 spell: Flame Wave
   632 | D:3      | HP: 1/34 [orc wizard/puff of flame (10)]
   632 | D:3      | Slain by an orc

Illustrated notes

Levels and vault maps discovered:
D:1:      mrwooster_arrival_arrow, layout_basic
D:2:      layout_basic, uniq_robin
D:3:      layout_basic

Skill      XL: |  1  2 |
---------------+-------+-----
Fire Magic     | 4 |  4.6
Spellcasting   | 3 |  3.4
Fighting       | |  0.3
Dodging        | |  2.9
Stealth        | |  1.4
Conjurations   | |  1.3

Action                   |  1- 3 |  4- 6 || total
-------------------------+-------+-------++-------
Melee: Unarmed           |    13 |       ||    13
 Cast: Foxfire           |    30 |     2 ||    32
       Scorch            |    11 |     1 ||    12
  Use: Potion            |     1 |     1 ||     2
Armor: Robe              |     9 |     2 ||    11
Dodge: Dodged            |    15 |     1 ||    16
